 Dungeon Crawl Stone Soup version 0.23-a0-416-g33f1def (webtiles) character file.

757278 XanderDroid the Conqueror (level 27, -1/199 HPs)
             Began as a Gargoyle Fighter on Nov 7, 2018.
             Was the Champion of Okawaru.
             Slain by a Killer Klown (2 damage)
             ... on level 5 of the Realm of Zot on Nov 9, 2018.
             The game lasted 07:54:04 (82264 turns).

XanderDroid the Conqueror (Gargoyle Fighter)       Turns: 82264, Time: 07:54:05

Health: -1/199     AC: 63    Str: 30    XL:     27
Magic:  9/29       EV: 26    Int: 22    God:    Okawaru [******]
Gold:   5206       SH: 23    Dex: 22    Spells: 26/26 levels left

rFire    + + +     SeeInvis +   a - +11 morningstar of Eternal Harmony {flame, Int+3}
rCold    + + +     Gourm    .   Q - +4 shield "Nifastej" {rElec MR+ Int+6}
rNeg     + + +     Faith    .   O - +6 gold dragon scales
rPois    ∞         Spirit   .   e - +2 helmet of Eternal Vigilance {Str+5 Dex+3}
rElec    +         Reflect  .   G - scarf {rC+ rF+}
rCorr    +         Harm     .   o - +1 pair of gloves of Resilience {MR+ Dex+4}
MR       +++++                  I - +0 pair of boots "Nuheiss" {rCorr Dex+5}
Stlth    ..........             P - amulet of regeneration
HPRegen  0.83/turn              c - ring of the Mage {Wiz MR++ Int+3}
MPRegen  0.21/turn              z - ring "Kamiu" {rElec rN++ Dex-4 SInv Stlth+}

@: heroism
A: big wings, blurry vision 1, cold resistance 1, fire resistance 1, negative
energy resistance 1, screaming 1, electricity resistance, weak 1, unbreathing,
petrification resistance, rot immunity, MP-powered wands, AC +20
}: 5/15 runes: serpentine, barnacled, slimy, silver, abyssal
a: Fly, Heroism, Finesse, Renounce Religion


You were on level 5 of the Realm of Zot.
You worshipped Okawaru.
Okawaru was exalted by your worship.
You were not hungry.

You visited 13 branches of the dungeon, and saw 59 of its levels.
You visited the Abyss 2 times.
You visited 1 bazaar.
You also visited: Labyrinth, Trove, Ice Cave and Wizlab.

You collected 9625 gold pieces.
You spent 4419 gold pieces at shops.

Inventory:

Hand Weapons
 a - the +11 morningstar of Eternal Harmony (weapon) {flame, Int+3}
   (You took it off a deep elf sorcerer on level 3 of the Elven Halls)

   It has been specially enchanted to burn those struck by it, causing extra
   injury to most foes and up to half again as much damage against particularly
   susceptible opponents.
   It affects your intelligence (+3).
Missiles
 b - 14 throwing nets (quivered)
Armour
 e - the +2 helmet of Eternal Vigilance (worn) {Str+5 Dex+3}
   (Okawaru gifted it to you on level 2 of the Shoals)

   It affects your strength (+5).
   It affects your dexterity (+3).
 o - the +1 pair of gloves of Resilience (worn) {MR+ Dex+4}
   (Okawaru gifted it to you on level 4 of the Snake Pit)

   It affects your dexterity (+4).
   It affects your resistance to hostile enchantments.
 G - a scarf of resistance (worn)
 I - the +0 pair of boots "Nuheiss" (worn) {rCorr Dex+5}
   (You found it on level 2 of the Realm of Zot)

   It affects your dexterity (+5).
   It provides partial protection from all sources of acid and corrosion.
 O - +6 gold dragon scales (worn)
 Q - the +4 shield "Nifastej" (worn) {rElec MR+ Int+6}
   (Okawaru gifted it to you on level 1 of the Orcish Mines)

   It affects your intelligence (+6).
   It insulates you from electricity.
   It affects your resistance to hostile enchantments.
Jewellery
 c - the ring of the Mage (left hand) {Wiz MR++ Int+3}
   (You bought it in a shop on level 3 of the Vaults)

   [ring of wizardry]

   It improves your spell success rate.
   It affects your intelligence (+3).
   It affects your resistance to hostile enchantments.
 z - the ring "Kamiu" (right hand) {rElec rN++ Dex-4 SInv Stlth+}
   (You took it off a minotaur in a labyrinth)

   [ring of stealth]

   It affects your dexterity (-4).
   It insulates you from electricity.
   It greatly protects you from negative energy.
   It lets you see invisible.
   It makes you more stealthy.
 P - an amulet of regeneration (around neck)
Wands
 n - a wand of flame (132)
 t - a wand of digging (21)
 y - a wand of paralysis (5)
 A - a wand of disintegration (26)
 D - a wand of iceblast (30)
Scrolls
 h - 5 scrolls of enchant weapon
 l - 20 scrolls of immolation
 m - 30 scrolls of remove curse
 p - 6 scrolls of fear
 q - 6 scrolls of fog
 r - 4 scrolls of enchant armour
 s - 10 scrolls of blinking
 u - 5 scrolls of magic mapping
 x - 5 scrolls of brand weapon
 F - 19 scrolls of teleportation
 J - 6 scrolls of identify
 L - 6 scrolls of silence
 M - 6 scrolls of holy word
 N - 5 scrolls of summoning
Potions
 d - 11 potions of might
 g - 3 potions of ambrosia
 i - 12 potions of curing
 j - 7 potions of agility
 k - 2 potions of heal wounds
 w - 3 potions of haste
 B - 7 potions of mutation
 E - 7 potions of cancellation
 H - 5 potions of invisibility
 K - 3 potions of resistance
Comestibles
 f - 65 rations


   Skills:
 O Level 27 Fighting
 + Level 21.8(26.8) Maces & Flails
 O Level 27 Armour
 + Level 20.5(25.5) Dodging
 * Level 18.2(23.2) Shields
 - Level 9.0 Invocations
 - Level 9.0 Evocations


You had 26 spell levels left.
You didn't know any spells.
Your spell library contained the following spells:

 Spells                   Type           Power        Failure   Level  Hunger
 Animate Skeleton         Necr           N/A          32%         1    ##.....
 Apportation              Tloc           #.....       32%         1    ##.....
 Beastly Appendage        Tmut           #.....       32%         1    ##.....
 Confusing Touch          Hex            #.....       32%         1    ##.....
 Flame Tongue             Conj/Fire      #....        32%         1    ##.....
 Freeze                   Ice            #...         32%         1    ##.....
 Magic Dart               Conj           #...         32%         1    ##.....
 Sandblast                Erth           #.....       32%         1    ##.....
 Shock                    Conj/Air       #...         32%         1    ##.....
 Sting                    Conj/Pois      #...         32%         1    ##.....
 Summon Small Mammal      Summ           #...         32%         1    ##.....
 Blink                    Tloc           N/A          45%         2    ###....
 Call Imp                 Summ           #.......     45%         2    ###....
 Ensorcelled Hibernation  Hex/Ice        #.....       45%         2    ###....
 Passwall                 Tmut/Erth      #.......     45%         2    ###....
 Poisonous Vapours        Pois/Air       #.....       45%         2    ###....
 Searing Ray              Conj           #.....       45%         2    ###....
 Shroud of Golubria       Chrm/Tloc      #.........   45%         2    ###....
 Slow                     Hex            #.......     45%         2    ###....
 Song of Slaying          Chrm           #.......     45%         2    ###....
 Sticks to Snakes         Tmut           #.......     45%         2    ###....
 Swiftness                Chrm/Air       #.......     45%         2    ###....
 Throw Frost              Conj/Ice       #.....       45%         2    ###....
 Call Canine Familiar     Summ           #.......     67%         3    ####...
 Confuse                  Hex            #.......     67%         3    ####...
 Conjure Flame            Conj/Fire      #.......     67%         3    ####...
 Dazzling Spray           Conj/Hex       #.....       67%         3    ####...
 Gell's Gravitas          Tloc           #.........   67%         3    ####...
 Lesser Beckoning         Tloc           #.........   67%         3    ####...
 Mephitic Cloud           Conj/Pois/Air  #.......     67%         3    ####...
 Ozocubu's Armour         Chrm/Ice       #.......     67%         3    ####...
 Recall                   Summ/Tloc      N/A          67%         3    ####...
 Spectral Weapon          Hex/Chrm       #.......     67%         3    ####...
 Spider Form              Tmut/Pois      #.........   67%         3    ####...
 Static Discharge         Conj/Air       #.......     67%         3    ####...
 Stone Arrow              Conj/Erth      #.....       67%         3    ####...
 Summon Guardian Golem    Hex/Summ       #.......     67%         3    ####...
 Teleport Other           Tloc           #.......     67%         3    ####...
 Vampiric Draining        Necr           #.........   67%         3    ####...
 Airstrike                Air            #.........   96%         4    #####..
 Animate Dead             Necr           N/A          96%         4    #####..
 Cause Fear               Hex            #.........   96%         4    #####..
 Force Lance              Conj/Tloc      #.......     96%         4    #####..
 Fulminant Prism          Conj/Hex       #.........   96%         4    #####..
 Ice Form                 Ice/Tmut       #.......     96%         4    #####..
 Iskenderun's Mystic Bla  Conj           #.......     96%         4    #####..
 Leda's Liquefaction      Hex/Erth       #.........   96%         4    #####..
 Olgreb's Toxic Radiance  Pois           #.......     96%         4    #####..
 Passage of Golubria      Tloc           N/A          96%         4    #####..
 Petrify                  Tmut/Erth      #.......     96%         4    #####..
 Sticky Flame             Conj/Fire      #.......     96%         4    #####..
 Summon Ice Beast         Ice/Summ       #.......     96%         4    #####..
 Summon Lightning Spire   Summ/Air       #.......     96%         4    #####..
 Throw Icicle             Conj/Ice       #.......     96%         4    #####..
 Aura of Abjuration       Summ           #.........   100%        5    ######.
 Blade Hands              Tmut           #.........   100%        5    ######.
 Bolt of Draining         Conj/Necr      #.........   100%        5    ######.
 Bolt of Magma            Conj/Fire/Erth #.........   100%        5    ######.
 Borgnjor's Vile Clutch   Necr/Erth      #.........   100%        5    ######.
 Dispel Undead            Necr           #.......     100%        5    ######.
 Excruciating Wounds      Chrm/Necr      #.........   100%        5    ######.
 Fireball                 Conj/Fire      #.........   100%        5    ######.
 Irradiate                Conj/Tmut      #.........   100%        5    ######.
 Iskenderun's Battlesphe  Conj/Chrm      #.......     100%        5    ######.
 Lee's Rapid Deconstruct  Erth           #.........   100%        5    ######.
 Lightning Bolt           Conj/Air       #.........   100%        5    ######.
 Metabolic Englaciation   Hex/Ice        #.........   100%        5    ######.
 Silence                  Hex/Air        #.........   100%        5    ######.
 Summon Demon             Summ           #.........   100%        5    ######.
 Summon Forest            Summ/Tloc      #.........   100%        5    ######.
 Summon Mana Viper        Hex/Summ       #.......     100%        5    ######.
 Venom Bolt               Conj/Pois      #.........   100%        5    ######.
 Yara's Violent Unravell  Hex/Tmut       #.........   100%        5    ######.
 Bolt of Cold             Conj/Ice       #.........   100%        6    #######
 Bolt of Fire             Conj/Fire      #.........   100%        6    #######
 Conjure Ball Lightning   Conj/Air       #.........   100%        6    #######
 Darkness                 Hex            #.........   100%        6    #######
 Deflect Missiles         Chrm/Air       #.........   100%        6    #######
 Dispersal                Tloc           #.........   100%        6    #######
 Freezing Cloud           Conj/Ice/Air   #.........   100%        6    #######
 Hydra Form               Tmut           #.........   100%        6    #######
 Invisibility             Hex            #.......     100%        6    #######
 Iron Shot                Conj/Erth      #.........   100%        6    #######
 Ozocubu's Refrigeration  Ice            #.........   100%        6    #######
 Shadow Creatures         Summ           N/A          100%        6    #######
 Simulacrum               Ice/Necr       #.........   100%        6    #######
 Dragon Form              Tmut           #.........   100%        7    #######
 Malign Gateway           Summ/Tloc      #.........   100%        7    #######
 Ring of Flames           Chrm/Fire      #.........   100%        7    #######
 Borgnjor's Revivificati  Necr           #.........   100%        8    #######
 Discord                  Hex            #.........   100%        8    #######
 Ignition                 Fire           #.........   100%        8    #######
 Dragon's Call            Summ           #.........   100%        9    #######
 Shatter                  Erth           #.........   100%        9    #######
 Tornado                  Air            #.........   100%        9    #######
 Statue Form              Tmut/Erth      Unusable     N/A         6    N/A

Dungeon Overview and Level Annotations

Branches:
Dungeon (15/15)            Temple (1/1) D:5            Lair (6/6) D:8
 Shoals (4/4) Lair:4        Snake (4/4) Lair:3        Slime (5/5) Lair:5
    Orc (2/2) D:9             Elf (3/3) Orc:2        Vaults (5/5) D:14
  Crypt (3/3) Vaults:2       Tomb (1/3) Crypt:3      Depths (5/5) D:15
    Zot (5/5) Depths:5

Altars:
Ashenzari
Cheibriados
Dithmenos
Elyvilon
Fedhas
Gozag
Hepliaklqana
Kikubaaqudgha
Makhleb
Nemelex Xobeh
Okawaru
Qazlal
Ru
Sif Muna
Trog
Uskayaw
Vehumet
Wu Jian
Xom
Yredelemnul
Zin
The Shining One
Beogh
Jiyva

Shops:
D:4 =   D:5 %   D:6 (   D:9 [=   D:13 (   Orc:2 *([:   Elf:2 (   Elf:3 ?
Shoals:4 (   Vaults:1 [}}%   Vaults:3 [==?}   Vaults:5 ((

Portals:
Hell: Depths:1 Depths:2 Depths:3 Depths:4 Depths:5
Abyss: Depths:2 Depths:4
Pandemonium: Depths:3 Depths:5
Ziggurat: Depths:2


Innate Abilities, Weirdness & Mutations

You are resistant to torment.
Your stone body is resilient. (AC +20)
You are immune to poison.
Your large and strong wings let you fly indefinitely.
You resist negative energy. (rN+)
You are resistant to electric shocks. (rElec)
You can survive without breathing.
You are immune to petrification.
You are immune to rotting.
Scrolls take you a little longer to read.
Your flesh is cold resistant. (rC+)
Your flesh is heat resistant. (rF+)
You occasionally shout uncontrollably at your foes.
You are weak. (Str -2)
You expend magic power (3 MP) to strengthen your wands.


Message History

* * * LOW HITPOINT WARNING * * *
You are engulfed in flames!
You resist.
* * * LOW HITPOINT WARNING * * *
The Orb Guardian hits you but does no damage.
The Killer Klown misses you. You block the Killer Klown's attack.
The Killer Klown prods you but does no damage.
You block the green draconian's attack. The Killer Klown beckons to you.
The Killer Klown eye-gouges you but does no damage.
The Killer Klown headlocks you but does no damage.
The Orb Guardian hits you but does no damage.
You barely miss the Killer Klown.
The Killer Klown is moderately wounded.
You feel yourself speed up. The Killer Klown squeezes you!
* * * LOW HITPOINT WARNING * * *
You are engulfed in flames!
You resist.
* * * LOW HITPOINT WARNING * * *
The Killer Klown pounds you.
You die...

.....## *,,.......,,,,,,,,,,,*
......##*,,.......,,,,,,,,,,,*
####...###,..^....,,,,,.,,,,**
##....##.......,,,,..,,,**
###..^^.......,,,...,,**
#▓▓▓▓▓▓▓▓▓▓▓##....,**
▓▓▓▓.%...^.......,,**
**▓........pX......,,,**
**,........p@.......,,,,** ***
*,,........ppp.....[,,,,,*
,,***,,......§..D.d....^,,,,,*
,,,**,,........p........,,,,**
,,,,*,,.................,,,**
,,,,,,,.................,,**
,,,,*,,.................,,,**
,,,**,,.................,,,,**
,,***,,,,,,,,,,,,,,,,,,,,,,,,*


You could see 6 Killer Klowns, a storm dragon, a green draconian and an Orb
Guardian.

Vanquished Creatures
  the Royal Jelly (Slime:5)
  An orb of fire (Zot:5)
  Mara (Vaults:2)
  Mennas (Depths:5)
  A juggernaut (Depths:2)
  4 ancient liches
  11 greater mummies (Tomb:1)
  Margery (Crypt:1)
  Frederick (Vaults:2)
  Bai Suzhen (Vaults:2)
  A caustic shrike (Depths:3)
  A Killer Klown (Zot:4)
  Vashnia (Snake:4)
  2 curse toes
  Nikola (Snake:3)
  8 golden dragons
  A bone dragon (Crypt:3)
  2 electric golems
  7 liches
  Rupert (Vaults:3)
  15 tentacled monstrosities
  Asterion (Vaults:3)
  A quicksilver dragon (Zot:1)
  3 deep elf blademasters
  11 Orb Guardians (Zot:5)
  5 titans
  11 death cobs
  3 krakens (Shoals:4)
  2 deep elf master archers (Elf:3)
  10 sphinxes
  2 ancient champions
  20 acid blobs
  6 shadow dragons
  Agnes (Snake:1)
  19 storm dragons
  16 draconian monks
  2 tentacled starspawn
  Kirke (Snake:1)
  A revenant (Crypt:1)
  7 nagarajas
  10 tengu reavers
  Ilsuiw (Shoals:2)
  11 azure jellies
  12 frost giants
  10 fire giants
  4 deep elf sorcerers
  5 draconian scorchers
  5 draconian knights
  An iron dragon (Vaults:5)
  An orc warlord (Orc:2)
  4 ghost moths
  23 vault wardens
  5 curse skulls
  4 draconian shifters
  3 ghouls (Crypt:1)
  5 draconian stormcallers
  15 very ugly things
  4 deep elf elementalists
  7 spriggan defenders
  2 reapers
  10 ironheart preservers
  Louise (Snake:1)
  2 entropy weavers
  28 stone giants
  5 war gargoyles
  6 draconian annihilators
  5 deep elf demonologists
  15 green draconians
  6 vampire knights
  7 deep elf annihilators
  3 spark wasps (Depths:3)
  A minotaur (Lab)
  11 black draconians
  9 yellow draconians
  22 purple draconians
  16 white draconians
  Snorg (Lair:2)
  9 statues (WizLab)
  10 red draconians
  An eidolon (Vaults:2)
  A crystal guardian (Vaults:4)
  5 deep elf death magi
  A green death (Depths:1)
  12 ettins
  4 mummy priests (Tomb:1)
  3 deep elf high priests
  5 merfolk javelineers
  Erolcha (D:11)
  A quicksilver dragon zombie (Crypt:3)
  8 fire dragons
  6 death oozes
  9 jiangshi
  15 merfolk impalers
  19 yaktaur captains
  3 rakshasas
  5 hydras
  16 naga warriors
  9 ice dragons
  10 great orbs of eyes
  A quicksilver dragon skeleton (Tomb:1)
  An alligator snapping turtle (Shoals:2)
  11 spriggan air magi
  4 merfolk avatars
  3 catoblepae
  8 anacondas
  An alligator snapping turtle (shapeshifter) (Vaults:5)
  39 vault guards
  14 centaur warriors
  3 death knights (Vaults:1)
  21 ogre magi
  63 two-headed ogres
  The ghost of Uptarox the Destroyer, a journeyman DECj of Vehumet (Lair:1)
  9 death yaks
  12 death scarabs (Tomb:1)
  9 deep troll shamans
  5 merfolk aquamancers
  27 dancing weapons
  6 satyrs
  4 vampire magi
  2 orc high priests
  10 deep troll earth magi
  28 naga sharpshooters
  3 thrashing horrors
  9 spriggan berserkers
  2 titan zombies (Crypt:3)
  7 tengu warriors
  15 deep elf knights
  2 titan skeletons
  Nergalle (Lair:3)
  Sonja (D:13)
  20 hell knights
  9 shock serpents
  4 soul eaters
  3 sixfirhies
  6 shadow wraiths
  An iron troll (Depths:2)
  A death drake (Depths:5)
  3 salamander mystics
  2 wretched stars
  27 skeletal warriors
  43 deep trolls
  20 sea snakes
  2 spatial maelstroms
  6 unseen horrors
  2 golden dragon zombies (Crypt:3)
  A swamp dragon (Abyss:3)
  A spark wasp zombie (Depths:1)
  5 glowing orange brains
  A deep troll (shapeshifter) (Depths:3)
  An unseen horror (shapeshifter) (Vaults:3)
  A torturous demonspawn (Depths:3)
  8 naga ritualists
  3 flayed ghosts
  11 ironbrand convokers
  A shadow dragon zombie (Crypt:3)
  10 phantasmal warriors
  Pikel (D:5)
  A wolf spider zombie (D:14)
  8 necromancers
  3 frost giant zombies
  90 deep elf magi
  21 deep elf archers
  5 shining eyes
  18 harpies
  23 ugly things
  An orb spider (Zot:2)
  8 mana vipers
  9 lindwurms
  14 orc knights
  6 orc sorcerers
  A stone giant zombie (Crypt:3)
  16 manticores
  A faun (shapeshifter) (Depths:3)
  6 wolf spiders
  23 fauns
  A salamander (shapeshifter) (Depths:3)
  A worldbinder (Abyss:3)
  6 cyclopes
  26 moths of wrath
  An elephant (shapeshifter) (Depths:3)
  2 fire giant skeletons
  12 salamanders
  13 merfolk sirens
  A moth of wrath (shapeshifter) (Vaults:5)
  3 ice statues
  A frost giant skeleton (Crypt:3)
  20 vault sentinels
  8 guardian serpents
  3 human skeletons
  A dire elephant zombie (Crypt:3)
  24 black mambas
  A black mamba (shapeshifter) (D:14)
  2 apocalypse crabs
  12 naga magi
  Joseph (D:9)
  13 elephants
  A dire elephant skeleton (Crypt:3)
  2 eyes of devastation
  5 gargoyles
  A torpor snail (Lair:4)
  7 smoke demons
  6 water nymphs
  A rust devil (Depths:3)
  5 large abominations
  An orange demon (Abyss:2)
  An elephant slug zombie (Crypt:2)
  2 hellions
  9 spiny frogs
  A kobold demonologist (D:14)
  A yellow draconian zombie (Crypt:1)
  A komodo dragon (shapeshifter) (Vaults:2)
  10 komodo dragons
  A catoblepas zombie (Crypt:1)
  64 yaktaurs
  6 freezing wraiths
  A rime drake (Lair:4)
  11 guardian mummies (Tomb:1)
  2 efreet
  18 ice devils
  23 merfolk
  A black draconian skeleton (Crypt:1)
  2 ancient zymes (Abyss:3)
  5 red devils
  5 tengu conjurers
  6 trolls
  A polar bear (shapeshifter) (Depths:2)
  4 polar bears
  9 wind drakes
  A shadow dragon simulacrum (Depths:1)
  A meliai (shapeshifter) (Vaults:5)
  A tyrant leech (shapeshifter) (Depths:1)
  5 jumping spiders
  A raiju (Abyss:3)
  6 harpy zombies (Shoals:4)
  12 hornets
  2 harpy skeletons
  12 blink frogs
  100 slime creatures
  10 snapping turtles
  A raiju (shapeshifter) (D:15)
  An ice dragon zombie (Crypt:2)
  A meliai zombie (D:11)
  3 dream sheep (Shoals:1)
  A stone giant simulacrum (Vaults:1)
  2 fire dragon zombies
  A hippogriff (shapeshifter) (Depths:1)
  12 hippogriffs
  A fire dragon skeleton (Depths:1)
  2 tarantellas (shapeshifter)
  A spriggan skeleton (Depths:1)
  19 flying skulls
  A black mamba zombie (Crypt:1)
  6 spriggans
  4 shadows
  2 air elementals (Elf:2)
  6 starcursed masses
  4 vampires
  A redback (Vaults:2)
  2 hogs (Snake:1)
  6 basilisks
  3 ice dragon skeletons (Crypt:3)
  A basilisk (shapeshifter) (Vaults:3)
  4 tarantellas
  3 ushabtiu (Tomb:1)
  2 fire elementals (Elf:1)
  7 wraiths
  5 wyverns
  48 yaks
  2 chaos spawn
  2 hungry ghosts (Crypt:3)
  17 water elementals
  7 golden eyes
  A steam dragon (D:14)
  A neqoxec (Depths:5)
  5 vampire mosquitoes
  2 spatial vortices (Abyss:3)
  A human zombie (Depths:1)
  7 wargs
  Edmund (D:6)
  57 nagas
  A soldier ant (shapeshifter) (D:14)
  An insubstantial wisp (Depths:1)
  4 acid dragons
  A floating eye (Depths:5)
  10 water moccasins
  49 orc warriors
  A deep troll skeleton (Crypt:2)
  6 porcupines
  4 black bears
  5 ice beasts
  7 swamp drakes (Depths:5)
  3 slaves (D:5)
  A snapping turtle zombie (Crypt:3)
  An eye of draining (shapeshifter) (Depths:2)
  6 eyes of draining
  5 sky beasts
  A hornet zombie (Crypt:2)
  4 necrophages
  3 phantoms
  45 ogres
  6 wolves (Lair:6)
  4 boggarts (Depths:1)
  A wolf (shapeshifter) (Depths:4)
  A snapping turtle skeleton (Tomb:1)
  30 centaurs
  13 crocodiles
  3 big kobolds
  10 bullfrogs
  A salamander zombie (Crypt:2)
  A hippogriff skeleton (Crypt:1)
  4 earth elementals
  A water moccasin zombie (D:10)
  3 scorpions
  9 killer bees
  16 wights
  2 electric eels (Lair:1)
  4 howler monkeys
  A wolf zombie (Crypt:1)
  7 centaur zombies
  A bullfrog zombie (D:9)
  4 quasits
  14 crimson imps
  6 hounds
  3 human simulacra
  3 jellies
  18 orc wizards
  24 orc priests
  3 centaur skeletons
  2 iron imps (Depths:5)
  2 iguanas
  9 worker ants
  A porcupine zombie (Crypt:1)
  6 small abominations
  A killer bee zombie (D:5)
  A bullfrog simulacrum (D:9)
  A hound zombie (D:9)
  7 mummies (Tomb:1)
  2 howler monkey skeletons
  13 adders
  3 gnolls (D:5)
  A swamp drake zombie (Crypt:1)
  7 shadow imps
  12 white imps
  17 ufetubi
  An ooze (D:4)
  An adder zombie (D:7)
  5 worms
  3 leopard geckos
  118 orcs
  A ball python (shapeshifter) (Vaults:5)
  5 giant cockroaches
  7 goblins
  9 hobgoblins
  4 jackals
  13 kobolds
  4 quokkas
  A ball python (D:5)
  7 bats
  10 frilled lizards
  2 gnoll zombies (D:3)
  8 rats
  A bush (Shoals:3)
  2 fungi
  A lurking horror (Abyss:3)
  20 plants
  A starspawn tentacle (Abyss:3)
  12 tentacles (Shoals:4)
  5 withered plants
2833 creatures vanquished.

Vanquished Creatures (others)
  An eldritch tentacle (Zot:1)
  A kraken (D:1)
  A death cob (Zot:3)
  A draconian knight (Zot:1)
  A reaper (IceCv)
  A deep elf mage (Elf:2)
  A cyclops (Vaults:1)
  A black mamba (Snake:4)
  A gargoyle (D:1)
  A demonic crawler (Depths:1)
  An elf (D:1)
  A slime creature (Depths:4)
  A water elemental (Elf:1)
  A chaos spawn (Abyss:3)
  3 ogres
  3 centaurs
  A hell rat (Depths:1)
  A white imp (IceCv)
  2 ufetubi
  28 plants
  3 starspawn tentacles (Abyss:3)
  32 tentacles
87 creatures vanquished.

Grand Total: 2920 creatures vanquished

Notes
Turn   | Place    | Note
-------+----------+-------------------------------------------
     0 | D:1      | XanderDroid the Gargoyle Fighter began the quest for the
                  | Orb.
     0 | D:1      | Reached XP level 1. HP: 14/14 MP: 1/1
     0 | D:1      | Noticed an ogre
     0 | D:1      | Noticed a ghoul
     0 | D:1      | Noticed a draconian
     0 | D:1      | Noticed a minotaur
     0 | D:1      | Noticed a kraken
     0 | D:1      | Noticed a centaur
     0 | D:1      | Noticed an ogre
     0 | D:1      | Noticed an elf
     0 | D:1      | Noticed a gargoyle
     0 | D:1      | Noticed an elf
     0 | D:1      | Noticed an octopode
     0 | D:1      | Noticed a spriggan
     2 | D:1      | Killed a centaur
     3 | D:1      | Killed a gargoyle
     6 | D:1      | Killed an ogre
     8 | D:1      | Killed an ogre
     9 | D:1      | Killed an elf
    10 | D:1      | Killed a kraken
   186 | D:1      | Reached XP level 2. HP: 19/19 MP: 2/2
   766 | D:1      | Reached XP level 3. HP: 21/23 MP: 3/3
  1039 | D:2      | Reached XP level 4. HP: 20/29 MP: 4/4
  1493 | D:2      | Found a sacrificial altar of Ru.
  1503 | D:2      | Reached XP level 5. HP: 33/33 MP: 5/5
  2000 | D:3      | Found a hide-covered altar of Uskayaw.
  2029 | D:3      | Found an iron altar of Okawaru.
  2041 | D:3      | Became a worshipper of Warmaster Okawaru
  2524 | D:3      | Found a basalt altar of Yredelemnul.
  2593 | D:4      | Noticed an ogre
  2905 | D:4      | Reached XP level 6. HP: 37/38 MP: 6/6
  3013 | D:4      | Found Kuejeqee's Jewellery Boutique.
  3024 | D:4      | Reached skill level 1 in Invocations
  3531 | D:4      | Reached * piety under Okawaru
  3531 | D:4      | Reached XP level 7. HP: 44/44 MP: 8/8
  3794 | D:4      | Found a hazy altar of Hepliaklqana.
  3884 | D:5      | Entered Level 5 of the Dungeon
  3913 | D:4      | Reached skill level 5 in Maces & Flails
  3949 | D:4      | Reached skill level 5 in Armour
  3949 | D:4      | Reached skill level 5 in Shields
  4224 | D:5      | Reached skill level 5 in Fighting
  4235 | D:5      | Found a staircase to the Ecumenical Temple.
  4252 | Temple   | Entered the Ecumenical Temple
  4497 | D:5      | Found a bloodstained altar of Trog.
  4647 | D:5      | Reached XP level 8. HP: 46/49 MP: 10/10
  5061 | D:5      | Found a snail-covered altar of Cheibriados.
  5171 | D:5      | Found a stormy altar of Qazlal.
  5251 | D:5      | Found Nufulaz's Food Shoppe.
  5283 | D:5      | Reached ** piety under Okawaru
  5808 | D:4      | Bought an uncursed ring of see invisible for 180 gold
                  | pieces
  5831 | D:6      | Found Idghed's Weapon Emporium.
  5861 | D:6      | Noticed Pikel
  5983 | D:5      | Killed Pikel
  5983 | D:5      | Reached XP level 9. HP: 51/55 MP: 10/12
  6131 | D:6      | Noticed Edmund
  6160 | D:6      | Killed Edmund
  6160 | D:6      | Reached *** piety under Okawaru
  6348 | D:6      | Found a shadowy altar of Dithmenos.
  6852 | D:6      | Found a bloodstained altar of Trog.
  7265 | D:7      | Found a glowing golden altar of the Shining One.
  7326 | D:7      | Found a shattered altar of Ashenzari.
  7401 | D:7      | Reached skill level 5 in Invocations
  8059 | D:8      | Reached XP level 10. HP: 58/63 MP: 13/13
  8144 | D:8      | Found a staircase to the Lair.
  8196 | D:8      | Found a stormy altar of Qazlal.
  8367 | D:8      | Reached **** piety under Okawaru
  8971 | D:9      | Found Soiferyss's Antique Armour Boutique.
  8978 | D:9      | Found a glowing silver altar of Zin.
  8988 | D:9      | Noticed Joseph
  8998 | D:9      | Killed Joseph
  9051 | D:9      | Found Itaothra's Jewellery Emporium.
  9117 | D:9      | Noticed an ice statue
  9404 | D:9      | Reached ***** piety under Okawaru
  9432 | D:9      | Found a staircase to the Orcish Mines.
  9788 | D:9      | Received a gift from Okawaru
  9791 | D:9      | Reached skill level 10 in Maces & Flails
 10208 | D:10     | Entered Level 10 of the Dungeon
 10313 | D:10     | Noticed a two-headed ogre
 10319 | D:10     | Killed a two-headed ogre
 10319 | D:10     | Reached XP level 11. HP: 45/69 MP: 10/14
 10383 | D:10     | Found a white marble altar of Elyvilon.
 11100 | D:11     | Noticed a two-headed ogre
 11125 | D:10     | Killed a two-headed ogre
 11132 | D:11     | Noticed Erolcha
 11144 | D:11     | Killed Erolcha
 11144 | D:11     | Received a gift from Okawaru
 11181 | D:11     | Identified a +0 pair of boots of running (Okawaru gifted it
                  | to you on level 11 of the Dungeon)
 11258 | D:11     | Got a transparent long sword
 11261 | D:11     | Identified the +9 long sword of Premature Burial
                  | {antimagic, rElec rPois rF- Str+3} (You found it on level
                  | 11 of the Dungeon)
 11427 | D:11     | Noticed a two-headed ogre
 11435 | D:11     | Killed a two-headed ogre
 11851 | Lair:1   | Entered Level 1 of the Lair of Beasts
 11942 | Lair:1   | Found a runed gate.
 11946 | Lair:1   | Found a runed gate.
 11954 | Lair:1   | Found a runed gate.
 11954 | Lair:1   | Noticed Uptarox's ghost (journeyman DECj)
 12248 | Lair:1   | Reached XP level 12. HP: 71/76 MP: 14/16
 12463 | Lair:1   | Received a gift from Okawaru
 12853 | Lair:2   | Noticed a catoblepas
 12863 | Lair:2   | Killed a catoblepas
 13305 | Lair:2   | Reached skill level 10 in Fighting
 13510 | Lair:3   | Noticed Snorg
 13511 | Lair:3   | Noticed Nergalle
 13552 | Lair:2   | Killed Snorg
 13552 | Lair:2   | Reached skill level 10 in Armour
 13552 | Lair:2   | Reached skill level 10 in Shields
 13735 | Lair:3   | Killed Nergalle
 13761 | Lair:3   | Found a staircase to the Snake Pit.
 13773 | Lair:3   | Noticed a death yak
 13775 | Lair:3   | Noticed a death yak
 13810 | Lair:2   | Killed a death yak
 13812 | Lair:3   | Noticed a death yak
 13812 | Lair:3   | Noticed a death yak
 13812 | Lair:3   | Noticed a death yak
 13823 | Lair:2   | Killed a death yak
 13965 | Lair:2   | Killed a death yak
 13972 | Lair:2   | Killed a death yak
 13972 | Lair:2   | Reached ****** piety under Okawaru
 13977 | Lair:2   | Killed a death yak
 14052 | Lair:3   | Noticed an eight-headed hydra
 14066 | Lair:3   | Killed an eight-headed hydra
 14066 | Lair:3   | Received a gift from Okawaru
 14133 | Lair:3   | Reached XP level 13. HP: 78/83 MP: 18/18
 15067 | Lair:4   | Found a labyrinth entrance.
 15101 | Lab      | Entered a labyrinth
 15862 | Lab      | Identified the ring "Kamiu" {rElec rN++ Dex-4 SInv Stlth+}
 15862 | Lab      | Noticed a minotaur
 15880 | Lab      | Killed a minotaur
 15883 | Lab      | Identified the Handbook of Earthen Shape Shifting
 16226 | Lair:4   | Found a staircase to the Shoals.
 16838 | Lair:3   | Got a heavily runed chain mail {god gift}
 16852 | Lair:3   | Identified the +1 chain mail of Bad Feelings {Str-2 Dex+6}
                  | (Okawaru gifted it to you on level 3 of the Lair of Beasts)
 17021 | Lair:5   | Found a staircase to the Slime Pits.
 17021 | Lair:5   | Found a viscous altar of Jiyva.
 17472 | Lair:5   | Received a gift from Okawaru
 17749 | Lair:6   | Entered Level 6 of the Lair of Beasts
 17792 | Lair:5   | Received a gift from Okawaru
 18394 | Lair:5   | Gained mutation: Your large and strong wings let you fly
                  | indefinitely. [Gargoyle growth]
 18394 | Lair:5   | Reached XP level 14. HP: 81/90 MP: 16/19
 18592 | Lair:6   | Received a gift from Okawaru
 20184 | Orc:1    | Entered Level 1 of the Orcish Mines
 20249 | Orc:2    | Entered Level 2 of the Orcish Mines
 20249 | Orc:2    | Found a staircase to the Elven Halls.
 20357 | Orc:2    | Noticed a stone giant
 20419 | Orc:2    | Killed a stone giant
 20522 | Orc:2    | Paralysed by an orc sorcerer for 2 turns
 20846 | Orc:1    | Noticed a stone giant
 20871 | Orc:1    | Killed a stone giant
 20871 | Orc:1    | Received a gift from Okawaru
 20875 | Orc:1    | Got a distressingly furry shield {god gift}
 20884 | Orc:1    | Noticed a stone giant
 20901 | Orc:1    | Killed a stone giant
 21057 | Orc:1    | Identified the +4 shield "Nifastej" {rElec MR+ Int+6}
                  | (Okawaru gifted it to you on level 1 of the Orcish Mines)
 21259 | Orc:2    | Found a roughly hewn altar of Beogh.
 21286 | Orc:2    | Found Nitwab's Assorted Antiques.
 21293 | Orc:2    | Bought 3 scrolls labeled LIPACIULELI for 93 gold pieces
 21293 | Orc:2    | Bought a scroll labeled ZUATATROVI for 31 gold pieces
 21293 | Orc:2    | Bought a scroll of identify for 62 gold pieces
 21769 | Orc:2    | Found a roughly hewn altar of Beogh.
 21834 | Orc:2    | Reached skill level 15 in Maces & Flails
 21998 | Orc:2    | Found a roughly hewn altar of Beogh.
 22046 | Orc:2    | Found a roughly hewn altar of Beogh.
 22072 | Orc:2    | Found Kawnilel's Book Emporium.
 22189 | Orc:2    | Reached XP level 15. HP: 81/96 MP: 17/20
 22333 | Orc:2    | Noticed an orc warlord
 22485 | Orc:2    | Killed an orc warlord
 22611 | Orc:2    | Found Ceis's Antique Armour Shop.
 22612 | Orc:2    | Found a roughly hewn altar of Beogh.
 22640 | Orc:2    | Found Loackoeth's Antique Weapon Boutique.
 22748 | D:9      | Bought shiny gold dragon scales for 1743 gold pieces
 22990 | Lair:1   | Killed Uptarox's ghost
 23879 | D:13     | Found Ronet's Antique Weapon Shoppe.
 23910 | D:13     | Found a portal to a secret trove of treasure.
 24161 | D:13     | Noticed Sonja
 24187 | D:13     | Killed Sonja
 24187 | D:13     | Received a gift from Okawaru
 24723 | D:14     | Got a faintly glowing flail
 24724 | D:14     | Identified the cursed +3 flail of Capital Punishment
                  | {crush, +Blink rPois} (You found it on level 14 of the
                  | Dungeon)
 24869 | D:14     | Found a gate to the Vaults.
 24880 | D:14     | Got a scorched mace
 24983 | D:14     | Found a frozen archway.
 25014 | D:14     | Identified the cursed +0 mace "Eraeram" {crush, rElec rF-
                  | MP+9 Stlth+} (You found it on level 14 of the Dungeon)
 25034 | IceCv    | Entered an ice cave
 25273 | IceCv    | Got a pair of pitted gloves
 25284 | IceCv    | Identified the +2 pair of gloves of Untold Secrets {rC+
                  | rN++ MR- Int+3} (You found it in an ice cave)
 25374 | IceCv    | Reached skill level 15 in Shields
 26461 | D:15     | Entered Level 15 of the Dungeon
 26514 | D:15     | Received a gift from Okawaru
 26528 | D:15     | Got a bronze chain mail {god gift}
 26539 | D:15     | Identified the +0 chain mail of the Peculiar Wonders
                  | {*Drain rF+ rN+++ rCorr} (Okawaru gifted it to you on level
                  | 15 of the Dungeon)
 26627 | D:15     | Reached XP level 16. HP: 104/104 MP: 21/21
 26678 | D:15     | Reached skill level 1 in Dodging
 26814 | D:15     | Found an opulent altar of Gozag.
 27537 | D:15     | Found a staircase to the Depths.
 27762 | Orc:2    | Bought a dented sapphire amulet for 155 gold pieces
 27923 | Orc:2    | Bought a scroll of remove curse for 93 gold pieces
 28068 | Snake:1  | Entered Level 1 of the Snake Pit
 28106 | Snake:1  | Noticed Louise
 28161 | Snake:1  | Killed Louise
 28206 | Snake:1  | Noticed Agnes
 28221 | Snake:1  | Killed Agnes
 28490 | Snake:1  | Noticed Kirke
 28501 | Snake:1  | Killed Kirke
 28885 | Snake:1  | Received a gift from Okawaru
 29441 | Snake:2  | Reached skill level 15 in Fighting
 29487 | Snake:2  | Found a glowing golden altar of the Shining One.
 29547 | Snake:2  | Reached XP level 17. HP: 64/113 MP: 23/23
 29693 | Snake:2  | Received a gift from Okawaru
 30095 | Snake:2  | You are sucked into a shaft!
 30173 | Snake:3  | Reached skill level 5 in Dodging
 31664 | Snake:4  | Entered Level 4 of the Snake Pit
 31680 | Snake:3  | Identified a scroll of acquirement
 31689 | Snake:4  | Received a gift from Okawaru
 31692 | Snake:4  | Got a pair of warped gloves {god gift}
 31710 | Snake:3  | Identified the +1 pair of gloves of Resilience {MR+ Dex+4}
                  | (Okawaru gifted it to you on level 4 of the Snake Pit)
 31732 | Snake:4  | Noticed Nikola
 31758 | Snake:3  | Killed Nikola
 31938 | Snake:4  | Reached skill level 15 in Armour
 32051 | Snake:4  | Noticed Vashnia
 32115 | Snake:4  | Killed Vashnia
 32878 | Snake:4  | Reached XP level 18. HP: 123/123 MP: 24/24
 33570 | Snake:4  | Received a gift from Okawaru
 33685 | Snake:4  | Got a brightly glowing crystal plate armour {god gift}
 33711 | Snake:4  | Identified the +1 crystal plate armour of the True Pharaoh
                  | {rC+ rN+ Slay+3} (Okawaru gifted it to you on level 4 of
                  | the Snake Pit)
 33942 | Snake:4  | Got a serpentine rune of Zot
 34055 | Shoals:1 | Entered Level 1 of the Shoals
 34685 | Shoals:1 | Found a runed door.
 35545 | D:4      | Bought an uncursed amulet of regeneration for 360 gold
                  | pieces
 36015 | Shoals:2 | Noticed Ilsuiw
 36042 | Shoals:2 | Received a gift from Okawaru
 36146 | Shoals:2 | Killed Ilsuiw
 36146 | Shoals:2 | Reached XP level 19. HP: 70/132 MP: 25/25
 36175 | Shoals:2 | Got an ichor-stained helmet {god gift}
 36205 | Shoals:2 | Identified the +2 helmet of Eternal Vigilance {Str+5 Dex+3}
                  | (Okawaru gifted it to you on level 2 of the Shoals)
 37427 | Shoals:3 | Identified Cacepoo's Handbook of the Blistering Oath
 38240 | Shoals:4 | Entered Level 4 of the Shoals
 38795 | Shoals:4 | Received a gift from Okawaru
 39239 | Shoals:4 | Found Zaptepan's Antique Weapon Shoppe.
 39532 | Shoals:4 | Got a twitching turquoise ring
 39552 | Shoals:4 | Identified the ring of Pitaryti {-Tele rN+++ AC+3 Str+5
                  | Dex-3} (You found it on level 4 of the Shoals)
 39879 | Shoals:4 | Received a gift from Okawaru
 39880 | Shoals:4 | Got an ominously black robe {god gift}
 39883 | Shoals:4 | Identified the +1 robe of Okawaru's Reproof {Str+2}
                  | (Okawaru gifted it to you on level 4 of the Shoals)
 39896 | Shoals:4 | Got a barnacled rune of Zot
 40610 | Vaults:1 | Entered Level 1 of the Vaults
 40653 | Vaults:1 | HP: 1/134 [vault warden/+1 halberd (35)]
 41151 | Vaults:1 | Reached XP level 20. HP: 140/140 MP: 26/26
 41735 | Vaults:1 | Found Kesyvercho's Antique Armour Shop.
 41873 | Vaults:1 | Identified the +2 robe "Fuydaen" {rF+}
 41892 | Vaults:1 | Reached skill level 10 in Dodging
 42154 | Vaults:1 | Found Gaakhal's Gadget Shoppe.
 42170 | Vaults:1 | Found Yteyd's Gadget Emporium.
 42332 | Vaults:1 | Found Jauth's Food Shoppe.
 42497 | Vaults:1 | Received a gift from Okawaru
 42852 | Vaults:2 | Found a magical portal.
 43007 | WizLab   | Entered Iskenderun's Mystic Tower
 43576 | WizLab   | Received a gift from Okawaru
 43602 | WizLab   | Got a spiked hat {god gift}
 43617 | WizLab   | Identified the -2 hat of Free Expression {rC++} (Okawaru
                  | gifted it to you in a wizard's laboratory)
 43863 | WizLab   | Identified Iskenderun's Papyrus of Conjuration
 43863 | WizLab   | Identified Iskenderun's Handbook of Arcane Weapons
 44449 | Vaults:2 | Reached XP level 21. HP: 140/149 MP: 27/27
 44597 | Vaults:2 | Found a staircase to the Crypt.
 45553 | Vaults:2 | Upgraded the game from 0.23-a0-407-g92528d7 to
                  | 0.23-a0-408-g9d4b7ed
 45598 | Vaults:3 | Received a gift from Okawaru
 45904 | Vaults:3 | Found Bophan's Armour Emporium.
 46081 | Vaults:3 | Noticed Asterion
 46107 | Vaults:3 | Killed Asterion
 46108 | Vaults:3 | Noticed Frederick
 46231 | Vaults:2 | Killed Frederick
 46231 | Vaults:2 | Received a gift from Okawaru
 46374 | Vaults:3 | Noticed Rupert
 46386 | Vaults:3 | Killed Rupert
 46703 | Vaults:3 | Found Dikkossu's Jewellery Shop.
 46730 | Vaults:3 | Found Onujill's Jewellery Shoppe.
 47235 | Vaults:3 | Reached XP level 22. HP: 158/158 MP: 28/28
 47475 | Vaults:3 | Found Hemet's Magic Scroll Shoppe.
 47481 | Vaults:3 | Bought a scroll of teleportation for 60 gold pieces
 47481 | Vaults:3 | Bought a scroll of teleportation for 60 gold pieces
 47481 | Vaults:3 | Bought a scroll of teleportation for 60 gold pieces
 47677 | Vaults:3 | Found Xihiotzo's Gadget Shop.
 47768 | Vaults:4 | Identified the Disquisition on Aid and Cold
 47793 | Vaults:4 | Got a crude scale mail
 47794 | Vaults:4 | Identified the +10 scale mail "Zocaraif" {rN+ Regen+ Int+2}
                  | (You found it on level 4 of the Vaults)
 47802 | Vaults:4 | Found a flickering gateway to a bazaar.
 47808 | Bazaar   | Entered a bazaar
 47812 | Bazaar   | Found Uquassup's Jewellery Boutique.
 47831 | Bazaar   | Found Vecoup's Antique Armour Shoppe.
 47848 | Bazaar   | Found Nicsy's Book Boutique.
 47865 | Bazaar   | Found Ethe's Antique Armour Emporium.
 47904 | Bazaar   | Bought an ancient cloak for 332 gold pieces
 47940 | Vaults:4 | Identified the cursed +0 cloak of the Iron Devil {+Fly rN+
                  | MR- Dex+3} (You bought it in a shop in a bazaar)
 48264 | Vaults:4 | Received a gift from Okawaru
 48385 | Vaults:4 | Reached skill level 1 in Evocations
 49745 | Elf:1    | Entered Level 1 of the Elven Halls
 50288 | Elf:1    | Identified the Almanac of Battle Magic
 50606 | Elf:1    | Received a gift from Okawaru
 51144 | Elf:2    | Found Pyhawoum's Antique Weapon Shoppe.
 51277 | Elf:2    | Found a runed gate.
 51277 | Elf:2    | Found a runed gate.
 51279 | Elf:2    | Found a runed gate.
 51454 | Elf:2    | Received a gift from Okawaru
 51463 | Elf:2    | Reached XP level 23. HP: 167/167 MP: 29/29
 51994 | Elf:3    | Entered Level 3 of the Elven Halls
 52678 | Elf:3    | Identified the +14 crystal plate armour of Tokiyz {Slay+6}
 52705 | Elf:3    | Reached skill level 5 in Evocations
 52757 | Elf:3    | Identified the ring of Qeciupso {rElec rF++ MR+ Str-4
                  | Stlth-}
 52963 | Elf:3    | Identified the +11 morningstar of Eternal Harmony {flame,
                  | Int+3}
 52963 | Elf:3    | Identified the +1 leather armour of Caol {rF+ rN+ Regen+}
 53016 | Elf:3    | Identified the Catalogue of Captivating Shape Shifting
 53021 | Elf:3    | Identified the Papyrus of Ignition and Poison
 53024 | Elf:3    | Got a smelly plate armour
 53066 | Elf:3    | Identified the +3 plate armour "Jizuocso" {rN+++ Str-3
                  | Int-4 Stlth+} (You found it on level 3 of the Elven Halls)
 53292 | Elf:3    | Found Milunarr's Magic Scroll Boutique.
 53328 | Elf:3    | Bought a scroll of magic mapping for 63 gold pieces
 53328 | Elf:3    | Bought a scroll of teleportation for 54 gold pieces
 53328 | Elf:3    | Bought a scroll of magic mapping for 63 gold pieces
 53843 | D:13     | You paid a toll of 2 scrolls of acquirement to enter a
                  | treasure trove
 53844 | Trove    | Entered a treasure trove
 53895 | Trove    | Identified Sif Muna's Almanac of Calling and Battle Magic
 54131 | Depths:1 | Entered Level 1 of the Depths
 54333 | Depths:1 | Received a gift from Okawaru
 54371 | Depths:1 | Got a scorched quick blade {god gift}
 54372 | Depths:1 | Identified the +5 quick blade of Prudence {flame, rPois
                  | MP+9 Stlth+} (Okawaru gifted it to you on level 1 of the
                  | Depths)
 54611 | Depths:1 | Found a runed gate.
 54611 | Depths:1 | Found a runed gate.
 54611 | Depths:1 | Found a runed gate.
 55183 | Depths:1 | Found a gateway to Hell.
 55466 | Depths:1 | Got an iridescent morningstar
 55468 | Depths:1 | Identified the +2 morningstar of Change {vamp, rF- rC+
                  | Str+6} (You found it on level 1 of the Depths)
 55548 | Depths:2 | Received a gift from Okawaru
 55613 | Depths:2 | Got a pair of jewelled boots {god gift}
 55654 | Depths:2 | Identified the +0 pair of boots "Doygused" {Int+5} (Okawaru
                  | gifted it to you on level 2 of the Depths)
 55757 | Depths:2 | Reached XP level 24. HP: 102/175 MP: 29/29
 55852 | Depths:2 | Found a gateway to a ziggurat.
 55856 | Depths:2 | Got a translucent quick blade
 55857 | Depths:2 | Identified the +7 quick blade of Yesterday {protect, rPois
                  | Dex+5 Stlth+} (You found it on level 2 of the Depths)
 57002 | Depths:2 | Noticed a juggernaut
 57031 | Depths:2 | Killed a juggernaut
 57031 | Depths:2 | Received a gift from Okawaru
 57278 | Depths:2 | Found a one-way gate to the infinite horrors of the Abyss.
 57973 | Depths:3 | Found a one-way gate leading to the halls of Pandemonium.
 58359 | Depths:3 | Noticed a caustic shrike
 58391 | Depths:3 | Killed a caustic shrike
 59001 | Depths:4 | Reached XP level 25. HP: 162/183 MP: 29/29
 59243 | Depths:4 | Received a gift from Okawaru
 60317 | Depths:5 | Entered Level 5 of the Depths
 61275 | Depths:5 | Received a gift from Okawaru
 61546 | Depths:5 | Identified the cursed +2 fustibalus of the Pharaoh's Fist
                  | {flame, Str+3}
 61632 | Depths:5 | Reached skill level 15 in Dodging
 62068 | Depths:5 | Reached XP level 26. HP: 192/192 MP: 29/29
 62086 | Depths:5 | Reached skill level 27 in Fighting
 62088 | Depths:5 | Noticed Mennas
 62159 | Depths:5 | Killed Mennas
 62197 | Depths:5 | Found a gate to the Realm of Zot.
 62672 | Depths:2 | Voluntarily entered the Abyss.
 62828 | Abyss:2  | Found a stormy altar of Qazlal.
 63034 | Abyss:2  | Found a hazy altar of Hepliaklqana.
 63038 | Abyss:3  | Found a corrupted altar of Lugonu.
 63133 | Abyss:3  | Received a gift from Okawaru
 63304 | Abyss:3  | Got an abyssal rune of Zot
 63307 | Abyss:3  | Paralysed by accursed screaming for 2 turns
 63463 | Depths:2 | Escaped the Abyss
 63629 | Crypt:1  | Entered Level 1 of the Crypt
 63633 | Crypt:1  | Noticed Bai Suzhen
 63634 | Crypt:1  | Noticed Mara
 63665 | Vaults:2 | Killed Bai Suzhen
 63717 | Vaults:2 | Noticed XanderDroid's illusion
 64040 | Vaults:2 | Noticed XanderDroid's illusion
 64051 | Vaults:2 | Killed Mara
 64380 | Crypt:1  | Noticed Margery
 64405 | Crypt:1  | Killed Margery
 65551 | Crypt:2  | Received a gift from Okawaru
 65554 | Crypt:2  | Got a pair of spiked boots {god gift}
 65566 | Crypt:2  | Identified the +0 pair of boots of Vlad {rCorr Dex+3}
                  | (Okawaru gifted it to you on level 2 of the Crypt)
 65652 | Crypt:3  | Entered Level 3 of the Crypt
 66239 | Vaults:3 | Bought the ring of the Mage {Wiz MR++ Int+3} for 620 gold
                  | pieces
 66239 | Vaults:3 | Found the ring of the Mage {Wiz MR++ Int+3}
 66272 | Vaults:3 | Bought a scroll of remove curse for 60 gold pieces
 66272 | Vaults:3 | Bought a scroll of remove curse for 60 gold pieces
 66272 | Vaults:3 | Bought a scroll of immolation for 70 gold pieces
 66272 | Vaults:3 | Bought a scroll of immolation for 70 gold pieces
 66272 | Vaults:3 | Bought a scroll of remove curse for 60 gold pieces
 66272 | Vaults:3 | Bought a scroll of immolation for 70 gold pieces
 66726 | Crypt:3  | Identified the Disquisition on Stolen Souls
 66971 | Crypt:3  | Reached XP level 27. HP: 195/199 MP: 29/29
 66984 | Crypt:3  | Got a steaming tin amulet
 67042 | Crypt:3  | Identified the amulet of Truth {Reflect MR- Str+7 SH+4}
                  | (You found it on level 3 of the Crypt)
 67085 | Crypt:3  | Found a staircase to the Tomb.
 67348 | Crypt:3  | Cast into level 2 of the Abyss (hell knight)
 67373 | Crypt:3  | Escaped the Abyss
 67716 | Crypt:3  | Found an ancient bone altar of Kikubaaqudgha.
 67718 | Crypt:3  | Noticed an ancient lich
 67732 | Crypt:3  | Killed an ancient lich
 67753 | Crypt:3  | Noticed an ancient lich
 67774 | Crypt:3  | Killed an ancient lich
 67808 | Crypt:3  | Identified the Handbook of Attacks and the Mountains
 68054 | Crypt:3  | Noticed an ancient lich
 68072 | Crypt:3  | Killed an ancient lich
 68877 | Slime:1  | Entered Level 1 of the Pits of Slime
 69277 | Slime:1  | Received a gift from Okawaru
 69283 | Slime:1  | Got an encrusted triple crossbow {god gift}
 69284 | Slime:1  | Identified the +0 triple crossbow "Iwieh" {flame, *Corrode
                  | rN+ Dex+4 Stlth+} (Okawaru gifted it to you on level 1 of
                  | the Pits of Slime)
 69997 | Slime:3  | Gained mutation: Your flesh is heat resistant. (rF+) [a
                  | shining eye]
 70577 | Slime:5  | Entered Level 5 of the Pits of Slime
 70589 | Slime:5  | Gained mutation: Armour fits poorly on your strangely
                  | shaped body. [a shining eye]
 70968 | Slime:5  | Received a gift from Okawaru
 70969 | Slime:5  | Found the +5 demon whip "Spellbinder" {antimagic, MR+}
 71239 | Slime:5  | Found a viscous altar of Jiyva.
 71520 | Slime:5  | Noticed the Royal Jelly
 71523 | Slime:5  | Found the +4 skin of Zhor {rC+++}
 71535 | Slime:5  | Killed the Royal Jelly
 71624 | Slime:5  | Got a translucent marble ring
 71637 | Slime:5  | Got a flickering copper ring
 71700 | Slime:5  | Identified Laavodd's Disquisition on Augmentations and
                  | Transmigration
 71741 | Slime:5  | Got a slimy rune of Zot
 71746 | Slime:5  | Identified the ring of Ysodamn {Ice rElec rPois Str-4
                  | Dex+2} (You found it on level 5 of the Pits of Slime)
 71750 | Slime:5  | Identified the ring "Gevatom" {rElec rPois Dex+2} (You
                  | found it on level 5 of the Pits of Slime)
 71907 | Lair:5   | Lost mutation: Armour fits poorly on your strangely shaped
                  | body. [potion of mutation]
 71907 | Lair:5   | Lost mutation: Your flesh is heat resistant. (rF+) [potion
                  | of mutation]
 71907 | Lair:5   | Gained mutation: You expend magic power (3 MP) to
                  | strengthen your wands. [potion of mutation]
 71907 | Lair:5   | Gained mutation: Armour fits poorly on your strangely
                  | shaped body. [potion of mutation]
 71907 | Lair:5   | Gained mutation: You are covered in fur. (AC +1) [potion of
                  | mutation]
 71908 | Lair:5   | Lost mutation: You are covered in fur. (AC +1) [potion of
                  | mutation]
 71908 | Lair:5   | Lost mutation: Armour fits poorly on your strangely shaped
                  | body. [potion of mutation]
 71908 | Lair:5   | Lost mutation: You expend magic power (3 MP) to strengthen
                  | your wands. [potion of mutation]
 71908 | Lair:5   | Gained mutation: Your flesh is heat resistant. (rF+)
                  | [potion of mutation]
 71908 | Lair:5   | Gained mutation: Scrolls take you a little longer to read.
                  | [potion of mutation]
 71908 | Lair:5   | Gained mutation: You expend magic power (3 MP) to
                  | strengthen your wands. [potion of mutation]
 72368 | Vaults:5 | Entered Level 5 of the Vaults
 72438 | Vaults:4 | Got a crude glass ring
 72442 | Vaults:4 | Identified the ring "Pizuod" {rCorr rPois Int+4} (You took
                  | it off a vault sentinel on level 4 of the Vaults)
 72472 | Vaults:5 | Received a gift from Okawaru
 72475 | Vaults:5 | Got a polished long sword {god gift}
 72509 | Vaults:4 | Identified the +1 long sword of the Final Decision {flame,
                  | +Rage rPois Int+4} (Okawaru gifted it to you on level 5 of
                  | the Vaults)
 72930 | Vaults:5 | Received a gift from Okawaru
 73096 | Vaults:5 | Identified the cursed +0 great sword of Goofips {venom,
                  | Int+2}
 73294 | Vaults:5 | Found the +8 storm bow {elec}
 73306 | Vaults:5 | Got a silver rune of Zot
 73545 | Vaults:5 | Found Fakyxohe's Weapon Emporium.
 73917 | Vaults:5 | Identified Uclamick's Catalogue of Stones and Displacement
 74086 | Vaults:5 | Received a gift from Okawaru
 74399 | Vaults:5 | Found Ynuffug's Antique Weapon Boutique.
 74835 | Tomb:1   | Entered Level 1 of the Tomb of the Ancients
 75070 | Tomb:1   | Received a gift from Okawaru
 75082 | Tomb:1   | Got a pair of bloodstained gloves {god gift}
 75104 | Tomb:1   | Identified the -6 pair of gloves of Apathy {rN+ rCorr Int+4
                  | Dex-4} (Okawaru gifted it to you on level 1 of the Tomb of
                  | the Ancients)
 75328 | Tomb:1   | Noticed a greater mummy
 75407 | Tomb:1   | Killed a greater mummy
 75629 | Tomb:1   | Noticed a greater mummy
 75629 | Tomb:1   | Noticed a greater mummy
 75637 | Tomb:1   | Noticed a greater mummy
 75640 | Tomb:1   | Killed a greater mummy
 75649 | Tomb:1   | Killed a greater mummy
 75661 | Tomb:1   | Killed a greater mummy
 75693 | Tomb:1   | Noticed a greater mummy
 75710 | Tomb:1   | Killed a greater mummy
 75710 | Tomb:1   | Reached skill level 27 in Armour
 75714 | Tomb:1   | Noticed a greater mummy
 75736 | Tomb:1   | Killed a greater mummy
 75789 | Tomb:1   | Noticed a greater mummy
 75800 | Tomb:1   | Killed a greater mummy
 76015 | Tomb:1   | Noticed a greater mummy
 76019 | Tomb:1   | Noticed a greater mummy
 76031 | Tomb:1   | Killed a greater mummy
 76047 | Tomb:1   | Killed a greater mummy
 76242 | Tomb:1   | Noticed a greater mummy
 76243 | Tomb:1   | Noticed a greater mummy
 76340 | Tomb:1   | Killed a greater mummy
 76340 | Tomb:1   | Received a gift from Okawaru
 76352 | Tomb:1   | Killed a greater mummy
 77163 | Zot:1    | Entered Level 1 of the Realm of Zot
 77676 | Zot:1    | Received a gift from Okawaru
 77679 | Zot:1    | Got a smoking longbow {god gift}
 77692 | Zot:1    | Identified the +9 longbow "Bairupiu" {flame, rC+ MR+ MP+9
                  | Dex-4} (Okawaru gifted it to you on level 1 of the Realm of
                  | Zot)
 78143 | Zot:2    | Got a pair of twisted boots
 78167 | Zot:2    | Identified the cursed +0 pair of boots "Nuheiss" {rCorr
                  | Dex+5} (You found it on level 2 of the Realm of Zot)
 78196 | Zot:2    | Found a burning altar of Makhleb.
 78706 | Zot:2    | Received a gift from Okawaru
 79326 | Zot:2    | Identified the Grimoire of the Zealot
 79344 | Zot:2    | Identified Istiot's Tome of Fire and Brimstone
 79671 | Zot:3    | Received a gift from Okawaru
 79674 | Zot:3    | Got a blackened mace {god gift}
 79682 | Zot:3    | Identified the +8 mace "Tyiresch" {flame, rN+} (Okawaru
                  | gifted it to you on level 3 of the Realm of Zot)
 80602 | Zot:4    | Received a gift from Okawaru
 80827 | Zot:4    | Got a flickering wooden ring
 81015 | Zot:4    | Identified the ring "Bucrefue" {Fire rPois} (You found it
                  | on level 4 of the Realm of Zot)
 81167 | Zot:4    | Received a gift from Okawaru
 81187 | Zot:4    | Got a shimmering helmet {god gift}
 81194 | Zot:4    | Identified the +1 helmet of Tender Moments {+Blink Stlth+}
                  | (Okawaru gifted it to you on level 4 of the Realm of Zot)
 81432 | Zot:4    | Upgraded the game from 0.23-a0-408-g9d4b7ed to
                  | 0.23-a0-416-g33f1def
 81433 | Zot:5    | Entered Level 5 of the Realm of Zot
 82163 | Zot:5    | Noticed an ancient lich
 82163 | Zot:5    | Noticed an orb of fire
 82167 | Zot:5    | Gained mutation: Your flesh is cold resistant. (rC+) [an
                  | orb of fire]
 82191 | Zot:5    | Gained mutation: You are weak. (Str -2) [an orb of fire]
 82199 | Zot:5    | Gained mutation: You occasionally shout uncontrollably at
                  | your foes. [an orb of fire]
 82209 | Zot:5    | Killed an orb of fire
 82230 | Zot:5    | Killed an ancient lich
 82264 | Zot:5    | HP: 8/199 [Killer Klown (9)]
 82264 | Zot:5    | HP: 1/199 [Killer Klown (7)]
 82264 | Zot:5    | Slain by a Killer Klown

Vault maps used:
D:1:      nicolae_arrival_kraken_aquarium_a, chequers_serial_rivers_large_a,
          hangedman_decor_clover_reticule
D:2:      nicolae_ru_great_annihilating_truth, first_ration, nrook_mini_vaults,
          minmay_split_cup_large
D:3:      lemuel_zombie_altar_yredelemnul, eat_drink_and_be_merry_uskayaw,
          okawaru_gym_becter
D:4:      marbit_many_paths, serial_shops, shop
D:5:      cheibriados_altar_1, kennysheep_mini, temple_hall, serial_shops, shop,
          hangedman_abyss_or_decor_lesser_grid, trog_three_pillars_becter
D:6:      bloody_trog, serial_shops, shop, nicolae_dithmenos_shadow_blocks,
          uniq_pikel, uniq_edmund
D:7:      evilmike_ruin_ashenzari, tso_oasis_becter
D:8:      nicolae_whirlpool, grunt_lair_entry_orc_guard_hut, the_bakery,
          nicolae_qazlal_eye_of_the_storm
D:9:      cheibrodos_frozen_isle, zin_academy, orc_0_dummy, serial_ice,
          serial_ice_k, serial_ice_o, serial_ice_a, serial_ice_e,
          enter_bailey_6, serial_shops, shop, shop, nrook_mini_backslash,
          hangedman_decor_diamond_cutter, uniq_joseph
D:10:     elyvilon_altar_5
D:11:     uniq_erolcha
D:13:     enter_trove_1, serial_shops, shop, argonaut_gorgonesque, uniq_sonja
D:14:     david_vaults_4, dk_noncrumbling_3, portal_ice_cave_entry_pillars_2
D:15:     hangedman_depths_entry_civil_slaughter, lemuel_tele_altar
Temple:   minmay_temple_curvy_loop
Lair:1:   gammafunk_ghost_split, infiniplex_staircase_pool, serial_bayou_shore_b
Lair:2:   lemuel_fruit_tree
Lair:3:   guppyfry_snake_entry_island, uniq_snorg, uniq_nergalle
Lair:4:   elwin_shoals_entry_rooms, lab_entry_generic, roderic_carrion_pond
Lair:5:   slime_altar_1
Lair:6:   grunt_lair_end_beastmaster, minivault_24, lemuel_old_faithful,
          grunt_megastairs_3
Shoals:1: lightli_airlock
Shoals:2: cheibrodos_shoals_epimethial_gifts, uniq_ilsuiw
Shoals:3: cheibrodos_shoals_satyrical_garden
Shoals:4: shoals_end_hangedman, serial_shops, shop, nicolae_shoals_undead_eyrie
Snake:1:  uniq_louise, uniq_kirke, uniq_agnes
Snake:2:  basic_altar
Snake:4:  johnstein_snake_rune_scales, serial_bayou_shore_a,
          basic_stair_grate_trap, uniq_vashnia, uniq_nikola
Slime:1:  cheibrodos_slime_lost_civilization_9
Orc:1:    nicolae_volcano_entry_s_turn
Orc:2:    grunt_orc_community_town_hall, grunt_orc_community_big_house_2,
          grunt_orc_community_big_house_2, grunt_orc_community_house_1,
          grunt_orc_community_house_1, grunt_orc_community_house_2,
          grunt_orc_community_house_1, grunt_orc_community_house_3
Elf:1:    minivault_28, minmay_elf_annihilation
Elf:2:    serial_shops, shop_fountains
Elf:3:    elf_hall_gauntlet_narrow, serial_shops, nicolae_shop_waterfront,
          spider_trap, fake_guardian_serpent_vault
Vaults:1: vaults_mumra_hexcomb, grunt_vaults_swirl,
          nicolae_vaults_border_crossing, v_rooms_4,
          nicolae_vaults_little_squares_4, vaults_mumra_hex,
          dpeg_vaults_monster_box, st_cells, serial_shops, shop, shop,
          shop_statue, shop
Vaults:2: vaults_standard_mumra_lines, minmay_crypt_entry_simple_sparse,
          ontoclasm_vaults_ring_large, ontoclasm_vaults_ring_large,
          special_room_vaults, grunt_vaults_funnel, vaults_standard_mumra_x,
          nicolae_vaults_disjoint_gnomons, v_pattern_4,
          nicolae_vaults_what_the_h, nicolae_vaults_little_squares_4,
          grunt_vaults_diagonal, infiniplex_enter_wizlab_water
Vaults:3: ontoclasm_vaults_twist, v_pattern_3, vaults_room_ringed_pool,
          nicolae_vaults_circle_grid_b, hangedman_vaults_nails,
          hangedman_vaults_trim, nicolae_vaults_rhombus_5, vaults_dpeg_diagonal,
          vaults_dpeg_doors, vaults_room_grid, sword_in_stone,
          ontoclasm_vaults_loading_screen, nicolae_vaults_little_squares_1,
          serial_shops, nicolae_shop_trees, shop_fountains, nicolae_shop_stone,
          shop, nicolae_shop_crystal
Vaults:4: v_misc_28, vaults_room_pools, hangedman_vaults_river_flow,
          vaults_room_pool, nicolae_vaults_little_squares_6,
          nicolae_vaults_network_periphery, vaults_mumra_chevron, v_misc_2,
          serial_shops, bzr_entry_safe
Crypt:1:  uniq_mara, uniq_bai_suzhen, uniq_margery
Crypt:2:  grunt_megastairs_2
Crypt:3:  quadcrypt_mu
Depths:1: pf_dread_powers_of_hell, serial_sigils, serial_sigils_hangedman_gut,
          serial_sigils_hangedman_scar, serial_sigils_hangedman_gnaw,
          serial_sigils_hangedman_confine, pandoras_box_mu
Depths:2: cheibrodos_spurs, enter_ziggurat_b, nicolae_water_bricks, abyss_entry,
          grunt_hell_entry_dis_mu, glass_columns_c, minmay_holes,
          infiniplex_staircase_door_maze, serial_bayou_shore_b
Depths:3: evilmike_hourglass, hangedman_coc_ice_floe, chequers_jeans,
          rand_demon_pan_entry_8, infiniplex_staircase_pool_2,
          basic_stair_grate_trap
Depths:4: grunt_bruiser_brothers, abyss_entry, hell_entry,
          serial_sigils_hangedman_stare, infiniplex_staircase_spiral_double
Depths:5: lemuel_castle_with_subvaults, grunt_pan_entry_in_and_out, hell_entry,
          serial_bayou_pond_c, serial_bayou, serial_bayou_pond_c,
          serial_bayou_pond_a, serial_bayou_pond_e, serial_bayou_lagoon_b,
          dk_noncrumbling_2, roderic_serpentine_path, uniq_mennas
Zot:1:    hangedman_spider_trapstep
Zot:2:    nicolae_zot_draconian_monastery
Zot:3:    hangedman_zot_decor_slant, basic_stair_grate_trap
Zot:4:    grunt_ministairs_9
Abyss:2:  minivault_22, guppyfry_abyss_exit_imp_island, abyss_furniture_001,
          due_exit_kobolds, evilmike_abyss_exit_10
Abyss:3:  evilmike_abyss_exit_9, hangedman_abyss_stitches_cave
Lab:      labyrinth_watery
Bazaar:   bazaar_jpeg_circle_common
Trove:    trove_books_scrolls
IceCv:    ice_cave_small_demon
WizLab:   wizlab_iskenderun

Skill      XL: |  1  2  3  4  5  6  7  8  9 10 11 12 13 14 15 16 17 18 19 20 21 22 23 24 25 26 27 |
---------------+----------------------------------------------------------------------------------+-----
Maces & Flails | 3 4 5 6 8 10 11 12 13 15 16 21 | 21.8
Fighting       | 4 5 6 7 8 9 10 11 12 13 15 17 18 20 21 22 23 24 25 26 27 | 27.0
Armour         | 4 5 6 7 8 9 10 11 12 13 14 15 16 17 18 19 20 21 23 27 | 27.0
Shields        | 4 5 6 7 8 9 10 12 13 15 18 | 18.2
Invocations    | 2 4 5 7 9 |  9.0
Dodging        | 4 6 8 9 10 11 12 13 14 15 16 20 | 20.5
Evocations     | 4 6 9 |  9.0

Action                   |  1- 3 |  4- 6 |  7- 9 | 10-12 | 13-15 | 16-18 | 19-21 | 22-24 | 25-27 || total
-------------------------+-------+-------+-------+-------+-------+-------+-------+-------+-------++-------
Melee: Flail             |   121 |   178 |   282 |       |       |       |       |       |       ||   581
       Whip              |       |       |    39 |       |       |       |       |       |       ||    39
       Morningstar       |       |       |    37 |   192 |       |       |       |  1076 |  4381 ||  5686
       Eveningstar       |       |       |       |   371 |  1569 |  1776 |  1876 |   916 |       ||  6508
Throw: Throwing net      |       |       |       |       |       |       |       |       |     2 ||     2
Invok: Heroism           |       |       |       |     2 |     1 |     4 |       |       |    15 ||    22
       Finesse           |       |       |       |       |       |     4 |       |       |    11 ||    15
 Abil: Fly               |       |       |       |       |     1 |       |       |     1 |       ||     2
       Stop Flying       |       |       |       |       |       |       |       |     1 |     1 ||     2
Evoke: Wand              |       |       |       |       |     1 |     1 |       |       |     2 ||     4
  Use: Scroll            |       |     8 |     2 |     6 |    14 |     1 |    14 |    17 |    39 ||   101
       Potion            |       |     1 |     2 |     2 |     1 |     2 |     4 |     2 |    22 ||    36
 Stab: Paralysed         |       |     1 |       |       |       |       |       |       |       ||     1
       Petrified         |       |       |       |       |     2 |       |       |       |       ||     2
       Petrifying        |       |       |       |       |     1 |       |       |       |       ||     1
       Confused          |       |       |       |       |       |       |       |       |     3 ||     3
       Held in net/web   |       |       |       |       |       |       |       |       |     2 ||     2
  Eat: Chunk             |     1 |     8 |     9 |    14 |    25 |     9 |    30 |    31 |    28 ||   155
       Ration            |       |       |     2 |     2 |     4 |     6 |     1 |     2 |    15 ||    32
Armor: Scale mail        |    65 |    40 |       |       |       |       |       |       |       ||   105
       Chain mail        |       |    42 |    50 |       |       |       |       |       |       ||    92
       Plate armour      |       |       |   108 |   374 |   489 |       |       |       |       ||   971
       Gold dragon scale |       |       |       |       |   236 |   738 |  1076 |   993 |  2104 ||  5147
Dodge: Dodged            |    34 |    27 |    51 |   128 |   346 |   406 |   774 |   745 |  2211 ||  4722
Block: Shield            |    77 |   111 |   229 |   478 |  1184 |  1468 |  1783 |  1797 |  4056 || 11183

Table legend:
 A = Non-vault XP
 B = Vault XP
 C = Vault XP percentage of total XP
 D = Non-vault monster count
 E = Vault monster count
 F = Vault count percentage of total count
                 A         B        C        D         E       F
            +---------+---------+-------+---------+---------+-------
      Total | 1022636 |  963758 |  48.5 |    1746 |    1033 |  37.2
            +---------+---------+-------+---------+---------+-------
        D:1 |      39 |       0 |   0.0 |      25 |       0 |   0.0
        D:2 |      39 |     101 |  72.1 |      15 |       8 |  34.8
        D:3 |      37 |       2 |   5.1 |      11 |       2 |  15.4
        D:4 |     770 |       3 |   0.4 |      31 |       1 |   3.1
        D:5 |     826 |     629 |  43.2 |      27 |       1 |   3.6
        D:6 |     170 |     164 |  49.1 |      13 |       1 |   7.1
        D:7 |     985 |       0 |   0.0 |      20 |       0 |   0.0
        D:8 |    1117 |    1047 |  48.4 |      13 |       8 |  38.1
        D:9 |    2557 |    4723 |  64.9 |      30 |      23 |  43.4
       D:10 |    3564 |       0 |   0.0 |      21 |       0 |   0.0
       D:11 |    2712 |    1053 |  28.0 |      19 |       1 |   5.0
       D:12 |    8127 |       0 |   0.0 |      27 |       0 |   0.0
       D:13 |    6141 |    4081 |  39.9 |      22 |       8 |  26.7
       D:14 |    9281 |    2814 |  23.3 |      29 |       4 |  12.1
       D:15 |   18383 |    4898 |  21.0 |      42 |       6 |  12.5
     Lair:1 |    4277 |    1186 |  21.7 |      23 |       3 |  11.5
     Lair:2 |    7645 |    1190 |  13.5 |      14 |       1 |   6.7
     Lair:3 |    3941 |     964 |  19.7 |      15 |       2 |  11.8
     Lair:4 |    5150 |     694 |  11.9 |      22 |       4 |  15.4
     Lair:5 |   10605 |    1096 |   9.4 |      33 |       2 |   5.7
     Lair:6 |    8589 |    8921 |  50.9 |      30 |      19 |  38.8
   Shoals:1 |   17951 |    5945 |  24.9 |      35 |      11 |  23.9
   Shoals:2 |   21069 |   12984 |  38.1 |      40 |      19 |  32.2
   Shoals:3 |    9607 |    2574 |  21.1 |      20 |       5 |  20.0
   Shoals:4 |   15188 |   19965 |  56.8 |      22 |      28 |  56.0
    Snake:1 |   13500 |    5934 |  30.5 |      26 |       5 |  16.1
    Snake:2 |   23042 |       0 |   0.0 |      46 |       0 |   0.0
    Snake:3 |   26065 |    3722 |  12.5 |      41 |       1 |   2.4
    Snake:4 |   12545 |   43930 |  77.8 |      21 |      64 |  75.3
    Slime:1 |   19060 |       0 |   0.0 |      26 |       0 |   0.0
    Slime:2 |   17587 |       0 |   0.0 |      23 |       0 |   0.0
    Slime:3 |   15237 |       0 |   0.0 |      22 |       0 |   0.0
    Slime:4 |   10807 |    2247 |  17.2 |      25 |       1 |   3.8
    Slime:5 |   10835 |   25448 |  70.1 |      22 |      11 |  33.3
      Orc:1 |    5893 |       0 |   0.0 |      32 |       0 |   0.0
      Orc:2 |    2689 |    7324 |  73.1 |       9 |      74 |  89.2
      Elf:1 |   22716 |   11469 |  33.5 |      35 |      20 |  36.4
      Elf:2 |   15461 |   25557 |  62.3 |      29 |      30 |  50.8
      Elf:3 |   11431 |   32269 |  73.8 |      20 |      23 |  53.5
   Vaults:1 |   24789 |   38826 |  61.0 |      36 |      52 |  59.1
   Vaults:2 |   36346 |   42699 |  54.0 |      60 |      60 |  50.0
   Vaults:3 |   42236 |   22504 |  34.8 |      67 |      21 |  23.9
   Vaults:4 |   30506 |   26575 |  46.6 |      46 |      29 |  38.7
   Vaults:5 |   23053 |  112474 |  83.0 |      32 |      77 |  70.6
    Crypt:1 |   13472 |    9666 |  41.8 |      22 |       7 |  24.1
    Crypt:2 |   21361 |    2658 |  11.1 |      32 |       3 |   8.6
    Crypt:3 |       0 |   78917 | 100.0 |       0 |      82 | 100.0
     Tomb:1 |   15038 |   94007 |  86.2 |      45 |      32 |  41.6
   Depths:1 |   35275 |    7911 |  18.3 |      50 |      21 |  29.6
   Depths:2 |   40821 |   46889 |  53.5 |      47 |      35 |  42.7
   Depths:3 |   37400 |   28831 |  43.5 |      46 |      25 |  35.2
   Depths:4 |   52400 |    8756 |  14.3 |      65 |      12 |  15.6
   Depths:5 |   53223 |   61069 |  53.4 |      60 |      60 |  50.0
      Zot:1 |   48039 |    3341 |   6.5 |      30 |      10 |  25.0
      Zot:2 |   34318 |   40949 |  54.4 |      21 |      28 |  57.1
      Zot:3 |   49645 |       0 |   0.0 |      34 |       0 |   0.0
      Zot:4 |   74306 |    8853 |  10.6 |      42 |       2 |   4.5
      Zot:5 |    7610 |   49504 |  86.7 |       4 |      14 |  77.8
    Abyss:2 |   12836 |     106 |   0.8 |      22 |       3 |  12.0
    Abyss:3 |    4324 |    7781 |  64.3 |       9 |       9 |  50.0
        Lab |       0 |    1254 | 100.0 |       0 |       1 | 100.0
      IceCv |       0 |    4540 | 100.0 |       0 |      29 | 100.0
     WizLab |       0 |   32714 | 100.0 |       0 |      35 | 100.0
            +---------+---------+-------+---------+---------+-------
